 Dungeon Crawl Stone Soup version 0.13.0-13-g27bfa31 (webtiles) character file.

11253 MDvedh the Severer (level 11, -5/84 HPs)
             Began as a Minotaur Berserker on Oct 19, 2013.
             Was an Elder of Trog.
             Slain by a komodo dragon (21 damage)
             ... on Level 2 of the Lair of Beasts.
             The game lasted 00:32:30 (11431 turns).

MDvedh the Severer (Minotaur Berserker)            Turns: 11431, Time: 00:32:32

HP  -5/84        AC 19     Str 25      XL: 11   Next: 41%
MP   3/3         EV  7     Int  6      God: Trog [****..]
Gold 410         SH  0     Dex 10      Spells:  0 memorised, 10 levels left

Res.Fire  : . . .   See Invis. : +   f - +2,+1 orc hand axe (venom)
Res.Cold  : . . .   Warding    : .   E - +0 plate armour
Life Prot.: . . .   Conserve   : .   (no shield)
Res.Poison: .       Res.Corr.  : .   (helmet restricted)
Res.Elec. : .       Clarity    : +   (no cloak)
Sust.Abil.: . .     Spirit.Shd : .   A - +1 pair of gauntlets
Res.Mut.  : .       Rnd.Telep. : +   C - +0 pair of boots
Res.Rott. : .       Flight     : .   b - amulet of clarity
Saprovore : . . .                    m - ring of protection from magic
                                     p - ring of see invisible

@: recuperating, badly diseased, slow, extremely resistant to hostile
enchantments, extremely unstealthy
A: retaliatory headbutt, hooves 1, horns 2, herbivore 1, slowness 1, slow
metabolism 1, teleportitis 1, Int +2
a: Burn Spellbooks, Berserk, Trog's Hand, Brothers in Arms, Renounce Religion


You were on level 2 of the Lair of Beasts.
You worshipped Trog.
Trog was greatly pleased with you.
You were not hungry.

You visited 2 branches of the dungeon, and saw 12 of its levels.

You collected 588 gold pieces.
You spent 198 gold pieces at shops.

Inventory:

Hand weapons
 f - a +2,+1 orcish hand axe of venom (weapon)
 z - a +3,+1 scimitar of flaming
Armour
 A - a +1 pair of gauntlets (worn)
 C - a +0 pair of boots (worn)
 E - a +0 plate armour (worn)
Magical devices
 j - a wand of teleportation (2)
 n - a wand of flame (14) {unknown}
 t - a wand of enslavement (8) {unknown}
 w - a wand of frost (19)
 y - a wand of lightning (2) {unknown}
 B - a wand of digging (18) {unknown}
Comestibles
 c - 4 bread rations
 q - a meat ration
Scrolls
 d - 5 scrolls of remove curse
 g - 3 scrolls of teleportation
 h - a scroll of enchant armour
 i - 3 scrolls of enchant weapon I
 r - 2 scrolls of magic mapping
 s - a scroll of summoning
 D - a scroll of identify
 F - a scroll of recharging {unknown}
Jewellery
 b - an amulet of clarity (around neck)
 l - an uncursed ring of sustenance
 m - a ring of protection from magic (right hand)
 o - an uncursed amulet of guardian spirit
 p - a ring of see invisible (left hand)
Potions
 a - a potion of might
 e - a potion of brilliance
 k - 7 potions of restore abilities
 u - 3 potions of agility
 v - 2 potions of curing
 x - a potion of invisibility


   Skills:
 - Level 3.6 Fighting
 - Level 17.2 Axes
 + Level 11.7 Armour
 - Level 2.1 Dodging


You had 10 spell levels left.
You didn't know any spells.

Dungeon Overview and Level Annotations

Branches:
Dungeon (10/27)            Temple (0/1) D:4             Orc (0/4) D:8
   Lair (2/8) D:9

Altars:
Elyvilon
Kikubaaqudgha
Makhleb
Nemelex Xobeh
Trog
Jiyva

Shops:
D:5 }*

Annotations:
D:8 2 exclusions


Innate Abilities, Weirdness & Mutations

You reflexively headbutt those who attack you in melee.
You have a pair of horns on your head.
You have large cloven feet.
Your mind is acute. (Int +2)
You digest meat inefficiently.
You cover ground slowly.
You have a slow metabolism.
Space occasionally distorts in your vicinity.


Message History

The komodo dragon is moderately wounded.
Your plate armour prevents you from hitting the komodo dragon.
Your kick misses the komodo dragon.
You headbutt the komodo dragon, but do no damage.
The komodo dragon is moderately wounded.
The komodo dragon bites you!
* * * LOW HITPOINT WARNING * * *
You feel ill.
Use which ability? (? or * to list)
Your skin crawls.
You feel resistant to hostile enchantments.
You feel slightly more hungry. The komodo dragon closely misses you.
You furiously retaliate!
You headbutt the komodo dragon, but do no damage.
The komodo dragon bites you!
* * * LOW HITPOINT WARNING * * *
You feel ill.
The komodo dragon looks more healthy.
The komodo dragon bites you!
You die...

.........# ...
.......# #.##
.......# ##.f# ##
...###.# ##...## #.#
..f# #.# #.....##.#
#######.###......##
##P.#.............#
.........#........##
........P#.....l@..#
..................##
...................#
...................#
#.......##........##
#.......#.........#
##..###f#.........#
##.# .....## ##.##
..r


You could see a komodo dragon and a quokka (wandering).

Vanquished Creatures
  A hydra (Lair:2)
  Erica (Lair:2)
  A spiny frog (Lair:1)
  A troll (D:9)
  Prince Ribbit (D:7)
  7 blink frogs (Lair:2)
  A basilisk (Lair:1)
  A shark (D:9)
  Eustachio (D:10)
  2 hippogriffs
  Menkaure (D:6)
  2 necrophages (Lair:2)
  4 porcupines
  3 ice beasts
  2 phantoms
  A giant goldfish (D:9)
  3 ogres
  A black bear (D:9)
  2 crocodiles (Lair:1)
  2 centaurs
  Sigmund (D:3)
  Duvessa (D:7)
  A giant slug (Lair:1)
  5 water moccasins
  2 big kobolds
  7 giant frogs
  A gnoll sergeant (D:5)
  2 jellyfish (D:9)
  A troll zombie (D:8)
  3 wights (D:10)
  2 electric eels (D:9)
  2 goliath beetles
  10 hounds
  3 jellies
  Dowan (D:7)
  7 crimson imps
  A two-headed ogre skeleton (D:8)
  4 iguanas
  2 orc priests (D:9)
  A quasit (D:6)
  A soldier ant zombie (D:10)
  2 big fish (D:9)
  4 orc wizards
  2 scorpions
  9 worker ants
  8 sheep (Lair:1)
  Ijyb (D:2)
  An ogre skeleton (D:9)
  Terence (D:3)
  A mummy (D:10)
  15 adders
  6 green rats (Lair:1)
  14 gnolls
  A giant centipede (Lair:1)
  A giant mite (D:7)
  3 worms
  A giant eyeball (D:9)
  2 giant geckos
  4 oozes (D:3)
  20 orcs
  2 ball pythons
  18 bats
  2 bat skeletons
  12 goblins
  17 hobgoblins
  16 jackals
  4 quokkas
  5 giant cockroaches
  8 giant newts
  3 giant spores (D:9)
  A hobgoblin zombie (D:5)
  20 kobolds
  An orc skeleton (D:10)
  15 rats
  A rat zombie (D:6)
  10 ballistomycetes (D:9)
327 creatures vanquished.

Vanquished Creatures (collateral kills)
  3 hydras
  A steam dragon (D:9)
  A black bear (Lair:1)
  2 giant frogs
7 creatures vanquished.

Vanquished Creatures (others)
  A two-headed ogre (Lair:1)
  A sky beast (D:9)
  2 ogres
  A fungus (Lair:2)
5 creatures vanquished.

Grand Total: 339 creatures vanquished

Notes
Turn   | Place    | Note
--------------------------------------------------------------
     0 | D:1      | MDvedh, the Minotaur Berserker, began the quest for the Orb.
     0 | D:1      | Reached XP level 1. HP: 19/19 MP: 0/0
   168 | D:1      | Reached skill level 4 in Axes
   203 | D:1      | Reached XP level 2. HP: 19/26 MP: 0/0
   546 | D:1      | Reached skill level 5 in Axes
   694 | D:2      | Reached XP level 3. HP: 26/33 MP: 1/1
   843 | D:2      | Acquired Trog's second power
   886 | D:2      | Found a white marble altar of Elyvilon.
  1049 | D:2      | Noticed Ijyb
  1065 | D:2      | Killed Ijyb
  1318 | D:2      | Reached XP level 4. HP: 22/39 MP: 1/1
  1329 | D:2      | Reached skill level 6 in Axes
  1530 | D:3      | Found a viscous altar of Jiyva.
  1780 | D:3      | Noticed Sigmund
  1792 | D:3      | Killed Sigmund
  1792 | D:3      | Reached skill level 7 in Axes
  1792 | D:3      | Reached XP level 5. HP: 46/46 MP: 1/1
  1854 | D:3      | Noticed Terence
  1862 | D:3      | Killed Terence
  1873 | D:3      | Reached skill level 8 in Axes
  1979 | D:3      | Reached XP level 6. HP: 44/52 MP: 2/2
  2107 | D:3      | Found a burning altar of Makhleb.
  3185 | D:4      | Acquired Trog's third power
  3340 | D:4      | Found a staircase to the Ecumenical Temple.
  3457 | D:5      | Entered Level 5 of the Dungeon
  3605 | D:5      | Reached skill level 9 in Axes
  3688 | D:5      | Paralysed by a potion of paralysis for 4 turns
  3723 | D:5      | Found Neopeim's Assorted Antiques.
  3810 | D:5      | Reached XP level 7. HP: 39/59 MP: 2/2
  3902 | D:5      | Bought a scroll labeled DOPTEN SKUE for 33 gold pieces
  3902 | D:5      | Bought a scroll labeled KLONUYSTR FAOBA for 33 gold pieces
  3902 | D:5      | Bought a potion of curing for 66 gold pieces
  3902 | D:5      | Bought a potion of curing for 66 gold pieces
  3961 | D:5      | Reached skill level 10 in Axes
  4200 | D:5      | Found Feosaute's Gadget Shoppe.
  4403 | D:6      | Found an ancient bone altar of Kikubaaqudgha.
  4640 | D:6      | Reached skill level 11 in Axes
  4748 | D:6      | Reached XP level 8. HP: 21/66 MP: 2/2
  4975 | D:6      | Found a sparkling altar of Nemelex Xobeh.
  5196 | D:6      | Noticed Menkaure
  5200 | D:6      | Killed Menkaure
  5200 | D:6      | Reached skill level 12 in Axes
  5239 | D:7      | Noticed Prince Ribbit
  5255 | D:7      | Killed Prince Ribbit
  5309 | D:7      | Reached skill level 13 in Axes
  5602 | D:7      | Gained mutation: Space occasionally distorts in your vicinity. [potion of mutation]
  5602 | D:7      | Gained mutation: You digest meat inefficiently. [potion of mutation]
  5602 | D:7      | Gained mutation: You cover ground slowly. [potion of mutation]
  5779 | D:7      | Noticed Dowan
  5781 | D:7      | Noticed Duvessa
  5783 | D:7      | Killed Dowan
  5792 | D:7      | Killed Duvessa
  6043 | D:7      | Reached XP level 9. HP: 51/72 MP: 3/3
  6265 | D:7      | Gained mutation: You have large cloven feet. [potion of beneficial mutation]
  6305 | D:7      | Reached skill level 14 in Axes
  6578 | D:8      | Got an ancient sling
  6845 | D:8      | Found a staircase to the Orcish Mines.
  6876 | D:8      | Reached skill level 15 in Axes
  7286 | D:9      | Identified the +4,+1 sling "Leatun" {venom, rPois} (You found it on level 8 of the Dungeon)
  7794 | D:9      | Gained mutation: You have a slow metabolism. [mutagenic meat]
  7831 | D:9      | Found a bloodstained altar of Trog.
  7905 | D:9      | Paralysed by a giant eyeball for 2 turns
  7953 | D:9      | Found a staircase to the Lair.
  7957 | D:9      | Reached skill level 16 in Axes
  7975 | D:9      | Reached XP level 10. HP: 53/79 MP: 3/3
  8191 | D:9      | Noticed a six-headed hydra
  8197 | D:9      | Killed a six-headed hydra
  8332 | D:9      | Reached skill level 17 in Axes
  8483 | D:10     | Entered Level 10 of the Dungeon
  8506 | D:10     | Noticed Eustachio
  8521 | D:10     | Received a gift from Trog
  8537 | D:10     | Killed Eustachio
  8556 | D:10     | Got a transparent quarterstaff {god gift}
  8558 | D:10     | Identified the +8,+7 quarterstaff of Popular Demand {crush, rC- Int+2 SInv Stlth+} (Trog gifted it to you on level 10 of the Dungeon)
  9061 | Lair:1   | Entered Level 1 of the Lair of Beasts
  9186 | Lair:1   | Gained mutation: Your magical capacity is low (-10% MP). [potion of mutation]
  9186 | Lair:1   | Lost mutation: Your magical capacity is low (-10% MP). [potion of mutation]
  9186 | Lair:1   | Gained mutation: Your mind is acute. (Int +2) [potion of mutation]
  9189 | Lair:1   | Noticed a five-headed hydra
  9203 | Lair:1   | Killed a five-headed hydra
  9203 | Lair:1   | Reached skill level 5 in Armour
 10601 | Lair:2   | Noticed an eight-headed hydra
 10885 | Lair:2   | Noticed a four-headed hydra
 10896 | Lair:2   | Reached XP level 11. HP: 46/84 MP: 3/3
 10899 | Lair:2   | Killed a four-headed hydra
 10972 | Lair:2   | Reached skill level 10 in Armour
 11258 | Lair:2   | Killed an eight-headed hydra
 11308 | Lair:2   | Noticed Erica
 11318 | Lair:2   | Killed Erica
 11431 | Lair:2   | Slain by a komodo dragon

Action                   |  1- 3 |  4- 6 |  7- 9 | 10-12 || total
-------------------------+-------+-------+-------+-------++-------
Melee: Hand axe          |    89 |   170 |   428 |   307 ||   994
Invok: Berserk           |       |     3 |    11 |     3 ||    17
       Trog's Hand       |       |     1 |     7 |     7 ||    15
       Brothers in Arms  |       |       |     1 |     6 ||     7
       Burn Spellbooks   |       |       |     1 |     1 ||     2
Evoke: Wand              |       |       |     3 |       ||     3
  Use: Scroll            |     6 |     8 |    10 |     4 ||    28
       Potion            |       |     9 |    10 |     3 ||    22
